 Dungeon Crawl Stone Soup version 0.28.0-45-g0d030f2227 (webtiles) character file.

Game seed: 5205384886409359363

152 issech the Cudgeller (level 5, -12/53 HPs)
             Began as a Troll Monk on Apr 18, 2022.
             Mangled by a tentacled starspawn (33 damage)
             ... on level 1 of the Abyss.
             The game lasted 00:08:37 (2444 turns).

issech the Cudgeller (Troll Monk)                   Turns: 2444, Time: 00:08:38

Health: -12/53     AC:  4    Str: 19    XL:     5   Next: 11%
Magic:  4/4        EV: 11    Int:  6    God:
Gold:   95         SH:  0    Dex: 22    Spells: 4/4 levels left

rFire   . . .      SeeInvis .   a - +0 mace
rCold   . . .      Faith    .   (no shield)
rNeg    . . .      Spirit   .   n - +0 robe of Ennui {-Cast *Corrode Dex+8}
rPois   .          Reflect  .   (helmet restricted)
rElec   .          Harm     .   (no cloak)
rCorr   .          Rampage  .   (gloves unavailable)
Will    .....      NoCast   +   (boots unavailable)
Stlth   ++........              h - amulet of magic regeneration
HPRegen 0.97/turn               j - ring of wizardry
MPRegen 0.49/turn               (no ring)

@: no status effects
A: large, unfitting armour, claws 3, regeneration 1, shaggy fur 1, tough skin 1
a: no special abilities


You were on level 1 of the Abyss.
You visited 1 branch of the dungeon, and saw 3 of its levels.
You visited the Abyss 1 time.

You collected 95 gold pieces.

Inventory:

Hand Weapons
 a - a +0 mace (weapon)
 s - a +0 dagger
Missiles
 c - 76 arrows
 d - 22 stones (quivered)
 e - 21 bolts
 t - 14 sling bullets
 u - 4 boomerangs
Armour
 b - a +0 robe
 n - the +0 robe of Ennui (worn) {-Cast *Corrode Dex+8}
   (You found it on level 2 of the Dungeon)

   Dex:       It affects your dexterity (+8).
   -Cast:     It prevents spellcasting.
   *Corrode:  It may corrode you when you take damage.
Jewellery
 h - an amulet of magic regeneration (around neck)
 j - a ring of wizardry (left claw)
Scrolls
 f - 3 scrolls of enchant weapon {unknown}
 g - 2 scrolls of fog
 l - a scroll of magic mapping
 m - a scroll of enchant armour
 q - a scroll of noise
 r - a scroll of immolation
Potions
 i - a potion of flight {unknown}
 k - a potion of resistance {unknown}
 o - a potion of lignification {unknown}
 p - 3 potions of heal wounds {unknown}


   Skills:
 + Level 3.0 Fighting
 + Level 3.9 Maces & Flails
 + Level 3.3 Dodging
 + Level 1.3 Stealth


You had 4 spell levels left.
You didn't know any spells.
Your spell library contained the following spells:

 Spells                   Type           Power      Damage    Failure   Level
 Animate Skeleton         Necr           0%         N/A       21%         1


Dungeon Overview and Level Annotations

Branches:
Dungeon (3/15)

Altars:
Lugonu

Portals:
Abyss: D:3


Innate Abilities, Weirdness & Mutations

You are too large for most types of armour.
You have claws for hands.
Your natural rate of healing is unusually fast.
You are covered in fur. (AC +1)
You have tough skin. (AC +1)


Message History

This branch contains the abyssal rune of Zot.
There is a large open translucent door here.
You are suddenly pulled into a different region of the Abyss!
No target in view!
HP restored.
Found a gateway leading deeper into the Abyss.
There is a gateway leading deeper into the Abyss here.
A tentacled starspawn comes into view.
Tentacles burst from the starspawn's body! 2 starspawn tentacles come into view.
The starspawn tentacle completely misses you.
The starspawn tentacle barely misses you.
The starspawn tentacle grabs you. The starspawn tentacle constricts you.
You escape the starspawn tentacle's grasp.
The starspawn tentacle misses you. The starspawn tentacle grabs you.
The starspawn tentacle constricts you.
The starspawn tentacle's grasp on you weakens, but your attempt to escape fails.
The starspawn tentacle loses its grip on you.
The tentacle pulls you backwards! The starspawn tentacle grabs you.
The starspawn tentacle constricts you.
You escape the starspawn tentacle's grasp.
The starspawn tentacle grabs you. The starspawn tentacle constricts you.
You escape the starspawn tentacle's grasp.
The starspawn tentacle grabs you. The starspawn tentacle constricts you.
You escape the starspawn tentacle's grasp.
The starspawn tentacle grabs you. The starspawn tentacle constricts you.
You thump the starspawn tentacle!
The starspawn tentacle is moderately damaged.
The starspawn tentacle loses its grip on you.
The tentacle pulls you backwards!
You sock the tentacled starspawn!
The tentacled starspawn is lightly damaged.
The tentacled starspawn bites you!!
Ouch! That really hurt!
The tentacled starspawn tentacle-slaps you.
You hit the tentacled starspawn.
The tentacled starspawn is lightly damaged.
The tentacled starspawn bites you!!
Ouch! That really hurt!
You die...

# . ###.#.####
. . . ##....#.
#. # .#..#...#
### ##. . #
....#..# ##.#.
# .. .. . .#
..#>. ...# ...
# . .# #. # #
.. ## ##.#.##..
. ########..##.
##
#.@Xw........
..#
####w######.#..
. #.## # #...
#. .. # #. # .#
#. ## ##


You could see a tentacled starspawn and 2 starspawn tentacles.

Vanquished Creatures
  An orc priest (D:3)
  A hound (D:3)
  2 adders (D:3)
  A worm (D:3)
  2 dart slugs
  6 orcs (D:3)
  3 ball pythons
  5 endoplasms
  4 giant cockroaches
  5 goblins
  2 hobgoblins
  4 jackals (D:3)
  A quokka (D:1)
  6 bats
  A frilled lizard (D:1)
  8 kobolds
  6 rats
58 creatures vanquished.

Notes
Turn   | Place    | Note
-------+----------+-------------------------------------------
     0 | D:1      | issech the Troll Monk began the quest for the Orb.
     0 | D:1      | Reached XP level 1. HP: 22/22 MP: 0/0
   188 | D:1      | Found a faded altar of an unknown god.
   197 | D:1      | Reached XP level 2. HP: 29/29 MP: 1/1
   232 | D:1      | Got Plato's Incunabulum of Necromancy
   801 | D:2      | Reached XP level 3. HP: 36/36 MP: 2/2
   931 | D:2      | Identified the +0 robe of Ennui {-Cast *Corrode Dex+8}
  1388 | D:3      | Found a one-way gate to the infinite horrors of the Abyss.
  1471 | D:3      | Reached XP level 4. HP: 40/44 MP: 3/3
  1680 | D:3      | Found a large runed translucent door.
  1680 | D:3      | Found a large runed translucent door.
  1685 | D:3      | Found a corrupted altar of Lugonu.
  1855 | D:3      | Reached XP level 5. HP: 50/53 MP: 4/4
  2334 | D:3      | Cast into level 1 of the Abyss (kobold)
  2428 | Abyss:1  | Noticed a tentacled starspawn
  2444 | Abyss:1  | Mangled by a tentacled starspawn

Illustrated notes

Levels and vault maps discovered:
D:1:      dpeg_arrival_brainrot, layout_loops_ring,
          shapermc_ecumenical_altar_rom_forum, serial_bayou_pond_c
D:2:      layout_basic
D:3:      due_chaos_kobolds, layout_loops_ring, st_stairs_13
Abyss:1:  base:
D:2

Skill      XL: |  1  2  3  4 |
---------------+-------------+-----
Maces & Flails | 3 |  3.9
Dodging        | 3 |  3.3
Fighting       | 3 |  3.0
Stealth        | |  1.3

Action                   |  1- 3 |  4- 6 || total
-------------------------+-------+-------++-------
Melee: Mace              |    86 |    96 ||   182
       Punch             |       |     2 ||     2
Throw: Stone             |     3 |     2 ||     5
  Use: Scroll            |     3 |     2 ||     5
 Stab: Sleeping          |     2 |     2 ||     4
Armor: Robe              |    29 |    18 ||    47
Dodge: Dodged            |    63 |    59 ||   122
